 Dungeon Crawl Stone Soup version 0.31-a0-187-gba352fbbf7 (webtiles) character file.

Game seed: 3947669473227685008

41 qw the Shooter (level 3, -1/20 HPs)
             Began as a Deep Elf Hunter on June 22, 2023.
             Slain by a kobold
             ... wielding a +0 whip
              (2 damage)
             ... on level 1 of the Dungeon.
             The game lasted 00:00:20 (934 turns).

qw the Shooter (Deep Elf Hunter)                     Turns: 934, Time: 00:00:21

Health: -1/20      AC:  8    Str: 10    XL:     3   Next: 32%
Magic:  5/5        EV: 11    Int: 13    God:
Gold:   74         SH:  0    Dex: 18    Spells: 2/2 levels left

rFire   . . .        Y - +0 shortbow
rCold   . . .        (shield currently unavailable)
rNeg    . . .        g - +0 ring mail
rPois   .            (no helmet)
rElec   .            h - +2 cloak
rCorr   .            (no gloves)
SInv    .            (no boots)
Will    .....        (no amulet)
Stlth   +            (no ring)
HPRegen 0.23/turn    (no ring)
MPRegen 0.09/turn

%: no passive effects
@: no status effects
A: no striking features
a: no special abilities


You were on level 1 of the Dungeon.
You visited 1 branch of the dungeon, and saw 2 of its levels.

You collected 74 gold pieces.


   Skills:
 - Level 1.5 Fighting
 + Level 6.9 Ranged Weapons
 - Level 2.4 Dodging
 - Level 1.2 Stealth


You had 2 spell levels left.
You didn't know any spells.
Your spell library was empty.

Inventory:

Hand Weapons
 Y - a +0 shortbow (weapon)
Armour
 g - a +0 ring mail (worn)
 h - a +2 cloak (worn)
Potions
 f - a potion of brilliance {unknown}

Dungeon Overview and Level Annotations

Branches:
Dungeon (2/15)

Altars:


Message History

The adder barely misses you.
You shoot an arrow. The arrow closely misses the adder.
You feel sick.
The adder bites you but does no damage. x2
928 ||| STAIRDANCE You feel sick.
The adder barely misses you. The adder closely misses you.
The ball python misses you. The ball python grabs you.
You stop ascending the stairs.
The ball python constricts you. The adder bites you but does no damage.
The adder bites you.
You are more poisoned.
The adder poisons you!
You shoot an arrow. The arrow hits the ball python.
The ball python is heavily wounded.
You feel sick. The kobold hits you with a +0 whip.
The ball python bites you but does no damage.
The ball python constricts you. The adder bites you but does no damage.
The adder closely misses you. The kobold hits you but does no damage.
You shoot an arrow. The arrow hits the ball python!
You kill the ball python!
You feel sick. The adder barely misses you.
The adder bites you but does no damage.
A goblin comes into view. It is wielding a +0 dagger.
The kobold misses you.
931 ||| STAIRDANCE You feel sick.
The goblin shouts!
The adder barely misses you. The adder closely misses you. x2
The hobgoblin hits you but does no damage.
The kobold barely misses you. The adder closely misses you.
You climb upwards.
You feel sick.
There is a stone staircase leading down here.
You shoot an arrow. The arrow misses the adder.
You feel sick. The adder barely misses you. The adder bites you.
The hobgoblin hits you but does no damage.
The kobold closely misses you.
You shoot an arrow. The arrow hits the adder.
You kill the adder!
You feel sick.
You are no longer poisoned.
The adder bites you but does no damage. The kobold hits you with a +0 whip.
You die...

#.....######...#.................
#..#### #...#.................
#..#########.......###.######....
#..##..............# #.# #....
...##....[.........###.### #....
#..##....................# #....
#..##.............####.#.# #....
...######..##+#%.##....#.####....
#.##.# ##......S@g.....+....+....
#.##.# #....|..K.......#'####....
#.##.###..###.#.###.......# #....
#.##.#.....#..#.###.......# ####+
#.................#.......# #.
..........##..#.#.#.......# ##
#.#...............'.......# #.
#.##.#.#..##....#.#.......# #.
#.##.#.#..##....#.#.......# #.


You could see an adder, a hobgoblin and a kobold.

Vanquished Creatures
  An adder (D:1)
  4 dart slugs (D:1)
  A bat (D:1)
  4 endoplasms (D:1)
  2 goblins (D:1)
  3 hobgoblins
  4 jackals (D:1)
  3 kobolds (D:1)
  A quokka (D:1)
  3 ball pythons
  2 frilled lizards (D:1)
  3 rats
31 creatures vanquished.

Notes
Turn   | Place    | Note
-------+----------+-------------------------------------------
     0 | D:1      | qw the Deep Elf Hunter began the quest for the Orb.
     0 | D:1      | Reached XP level 1. HP: 12/12 MP: 3/3
     0 | D:1      | 0 ||| qw: Version: 0.3-a-9-g12657ce
     0 | D:1      | 0 ||| qw: Game counter: 2219
     0 | D:1      | 0 ||| qw: Always use a shield: true
     0 | D:1      | 0 ||| qw: God list: Okawaru
     0 | D:1      | 0 ||| qw: Allow faded altars: false
     0 | D:1      | 0 ||| qw: Do Orc after D:15 true
     0 | D:1      | 0 ||| qw: Do second Lair branch before Depths: true
     0 | D:1      | 0 ||| qw: Lair rune preference: random
     0 | D:1      | 0 ||| qw: Plans: Normal
     0 | D:1      | 0 ||| PLANNING D:1-11
    12 | D:1      | 12 ||| Stepping ~*~*~tactically~*~*~ (outnumbered).
    25 | D:1      | Reached XP level 2. HP: 16/16 MP: 4/4
    43 | D:1      | Reached skill level 6 in Ranged Weapons
    83 | D:1      | 83 ||| FLEEEEING.
    84 | D:1      | 84 ||| FLEEEEING.
    89 | D:1      | 89 ||| FLEEEEING.
    90 | D:1      | 90 ||| FLEEEEING.
   385 | D:1      | Reached XP level 3. HP: 20/20 MP: 5/5
   872 | D:1      | 872 ||| UPGRADING to +0 ring mail.
   882 | D:1      | 882 ||| DROPPING +0 leather armour.
   883 | D:1      | 883 ||| UPGRADING to +2 cloak.
   888 | D:1      | 888 ||| READING scroll labelled VIBIAF ENLODO.
   889 | D:1      | 889 ||| READING 3 scrolls labelled BIYTUUMEXA.
   890 | D:1      | 890 ||| READING scroll labelled DEWKEN VOOWKIX.
   894 | D:1      | 894 ||| DROPPING scroll of butterflies.
   895 | D:1      | 895 ||| DROPPING 2 scrolls of poison.
   928 | D:2      | 928 ||| STAIRDANCE
   931 | D:2      | 931 ||| STAIRDANCE
   932 | D:1      | HP: 4/20 [poisoned by an adder]
   934 | D:1      | HP: 1/20 [poisoned by an adder]
   934 | D:1      | Slain by a kobold

Levels and vault maps discovered:
D:1:      minmay_arrival_stair_chambers, layout_basic, due_unseen_surprise
D:2:      layout_rooms, basic_altar, st_stairs_11,
          nicolae_concentric_dashed_squares_wild

Skill      XL: |  1  2 |
---------------+-------+-----
Ranged Weapons | 6 |  6.9
Fighting       | |  1.5
Dodging        | |  2.4
Stealth        | |  1.2

Action                     || total
---------------------------++-------
   Fire: Shortbow          ||    68
    Use: Scroll            ||     3
 Armour: Leather armour    ||     2
         Ring mail         ||    12
  Dodge: Dodged            ||    24

Table legend:
 A = Non-vault XP
 B = Vault XP
 C = Vault XP percentage of total XP
 D = Non-vault monster count
 E = Vault monster count
 F = Vault count percentage of total count
                 A         B        C        D         E       F
            +---------+---------+-------+---------+---------+-------
      Total |      70 |       2 |   2.8 |      30 |       1 |   3.2
            +---------+---------+-------+---------+---------+-------
        D:1 |      67 |       0 |   0.0 |      28 |       0 |   0.0
        D:2 |       3 |       2 |  40.0 |       2 |       1 |  33.3
            +---------+---------+-------+---------+---------+-------
